AoeStats
← Shals

Oasis

508998902Analyzed
2v2 RM · 8d ago on Sep 25, 2026· 30m 18s· 4 players
Game mode
Random Map
Map size
Medium (4 player)
Population
200
Speed
Normal
Resources
Standard
Victory
Conquest
Starting age
Dark Age
Ending age
Imperial Age
RankedLock teamsTeams togetherTeam positionsShared explorationLock speedFull tech treeHidden civsTurbo modeCheats
Victory
Defeat
🇺🇸 Malay · United States
928
+17
🇺🇸 Britons · United States
895
+19
🇲🇽 Saracens · Mexico
979
-19
🇲🇽 Mongols · Mexico
938
-17
rosa sharts
0:26 Loom
15:59 Feudal Age
16:57 Double-Bit Axe
16:58 Horse Collar
19:19 Wheelbarrow
23:10 Castle Age
23:23 Crossbowman
24:21 Fletching
24:32 Padded Archer Armor
30:00 Bodkin Arrow
pedro bismol
7:21 Loom
12:04 Feudal Age
15:56 Castle Age
14:47 Double-Bit Axe
22:09 Husbandry
Shals
6:43 Loom
9:20 Feudal Age
9:51 Horse Collar
12:32 Wheelbarrow
20:40 Castle Age
22:22 Scale Barding Armor
nord 00
4:09 Loom
11:01 Feudal Age
17:46 Castle Age
16:23 Double-Bit Axe
16:22 Horse Collar
17:56 Fletching
21:30 Heavy Plow
21:42 Bow Saw
25:38 Pikeman
Connection lost

Rejoining the realm…

Still unreachable

The connection could not be restored.

Session expired

The server has moved on; the page needs a fresh start.